 Dungeon Crawl Stone Soup version 0.31-a0-983-g7b6862f502 (webtiles) character file.

Game seed: 4573993053875000105

381 lunkers the Insei (level 6, -5/38 HPs)
             Began as an Octopode Shapeshifter on Nov 2, 2023.
             Slain by a gnoll
             ... wielding a +0 club
             ... led by a gnoll bouda
              (8 damage)
             ... on level 7 of the Dungeon.
             The game lasted 00:02:08 (2740 turns).

lunkers the Insei (Octopode Shapeshifter)           Turns: 2740, Time: 00:02:08

Health: -5/38      AC:  1    Str: 13    XL:     6   Next: 75%
Magic:  6/6        EV: 13    Int: 12    God:
Gold:   122        SH:  0    Dex: 14    Spells: 5/5 levels left

rFire   . .          .
                       - Unarmed
rCold   . . .        (no shield)
rNeg    . . .        (helmet currently unavailable)
rPois   .            (no amulet)
rElec   .            (no ring)
rCorr   .            (no ring)
SInv    .            (no ring)
Will    .....        (no ring)
Stlth   ++           (no ring)
HPRegen 0.26/turn    (no ring)
MPRegen 0.10/turn    (no ring)
                     (no ring)

%: no passive effects
@: beast-form
A: beast (slay +2), almost no armour, amphibious, 8 rings, camouflage 1,
gelatinous body 1, (nimble swimmer 1), tentacles
a: Begin Untransformation


You were on level 7 of the Dungeon.
You were a hulking beast.
You visited 1 branch of the dungeon, and saw 5 of its levels.

You collected 122 gold pieces.

Inventory:

Jewellery
 p - an amulet of regeneration
Talismans
 b - a beast talisman
 c - a flux talisman
Scrolls
 h - a scroll of immolation {unknown}
 i - a scroll of poison {unknown}
 k - 2 scrolls of identify
 l - a scroll of teleportation {unknown}
 n - a scroll of noise {unknown}
 o - 2 scrolls of fear
Potions
 a - a potion of lignification
 d - 3 potions of enlightenment
 e - a potion of might {unknown}
 f - 2 potions of invisibility
 g - a potion of degeneration {unknown}
 j - 3 potions of curing
 m - a potion of berserk rage {unknown}


   Skills:
 - Level 1.0 Fighting
 - Level 2.0 Dodging
 * Level 6.2 Unarmed Combat
 + Level 4.6 Shapeshifting


You had 5 spell levels left.
You didn't know any spells.
Your spell library contained the following spells:

 Spells                   Type           Power      Damage    Failure   Level
 Ensorcelled Hibernation  Hex/Ice        0%         N/A       45%         2
 Jinxbite                 Hex            0%         N/A       45%         2
 Anguish                  Hex/Necr       0%         N/A       97%         4


Dungeon Overview and Level Annotations

Branches:
Dungeon (4/15)
 Temple: D:4-7

Altars:
Qazlal
Zin


Innate Abilities, Weirdness & Mutations

You are a hulking beast.
Your limbs bulge with bestial killing power. (Slay +2)
You cannot wear most types of armour.
You are amphibious.
You can wear up to eight rings at the same time.
Your skin changes colour to match your surroundings (Stealth+).
Your rubbery body absorbs attacks. (AC +1, EV +1)
((You are camouflaged when in or above water. (Stealth+)))
You have tentacles for arms and can constrict up to eight enemies at once.


Message History

You barely miss the gnoll. Your grab misses the gnoll.
Your squeeze misses the gnoll.
The gnoll is severely wounded.
Your attacks no longer feel as feeble.
The gnoll barely misses you.
You bludgeon the gnoll!
You kill the gnoll!
You closely miss the orc. You grab the orc. You constrict the orc.
The orc hits you with a +0 hand axe.
You bludgeon the orc!
You kill the orc!
You tentacle-slap the hound. Your grab misses the hound.
The hound is moderately wounded.
The hound bites you.
You bludgeon the hound!
You kill the hound!
You bludgeon the orc wizard! Your grab misses the orc wizard.
You squeeze the orc wizard.
The orc wizard is severely wounded.
The orc wizard closely misses you.
You tentacle-slap the orc wizard. You grab the orc wizard.
You squeeze the orc wizard.
You kill the orc wizard!
You barely miss the gnoll. Your grab misses the gnoll.
Your squeeze misses the gnoll. You tentacle-slap the gnoll. You grab the gnoll.
You squeeze the gnoll.
The gnoll is heavily wounded.
You constrict the gnoll. The gnoll hits you with a +0 halberd!
The gnoll barely misses you.
You bludgeon the gnoll! You grab the gnoll.
The gnoll is severely wounded.
You constrict the gnoll. x2; The gnoll hits you with a +0 halberd!
* * * LOW HITPOINT WARNING * * *
The gnoll hits you with a +0 club!
* * * LOW HITPOINT WARNING * * *
Unknown command.
You tentacle-slap the gnoll.
You kill the gnoll!
You constrict the gnoll. The gnoll hits you with a +0 club!
You die...

#.. .. ##.. ..##
##..## ....###....##
..........$.## ..
.............### ...
......(........##...
......g.gg..........
h.......#h..........
.....og.##..........
.h......###.........
....g...# ##........
..g.g..####.........
....... #...####...
.......#....## ..
......#...### .....#


You could see a gnoll bouda and 2 gnolls.

Vanquished Creatures
  Grinder (D:3)
  A hound (D:7)
  2 orc wizards
  Terence (D:3)
  3 adders
  2 gnolls (D:7)
  A worm (D:2)
  2 dart slugs
  6 orcs
  3 endoplasms
  5 goblins
  7 hobgoblins
  2 jackals (D:1)
  4 quokkas
  3 ball pythons
  3 bats
  2 frilled lizards (D:2)
  5 kobolds
  A rat (D:3)
54 creatures vanquished.

Notes
Turn   | Place    | Note
-------+----------+-------------------------------------------
     0 | D:1      | lunkers the Octopode Shapeshifter began the quest for the
                  | Orb.
     0 | D:1      | Reached XP level 1. HP: 13/13 MP: 1/1
   331 | D:1      | Reached XP level 2. HP: 18/18 MP: 2/2
   885 | D:2      | Found a faded altar of an unknown god.
   984 | D:2      | Reached XP level 3. HP: 22/23 MP: 3/3
  1104 | D:2      | Reached skill level 4 in Unarmed Combat
  1208 | D:2      | Found a glowing silver altar of Zin.
  1597 | D:3      | Noticed Terence
  1603 | D:3      | Killed Terence
  1604 | D:3      | Reached XP level 4. HP: 26/28 MP: 4/4
  1964 | D:3      | Noticed Grinder
  1980 | D:3      | Killed Grinder
  1981 | D:3      | Reached skill level 5 in Unarmed Combat
  1981 | D:3      | Reached XP level 5. HP: 13/33 MP: 5/5
  1981 | D:3      | Reached XP level 6. HP: 15/38 MP: 6/6
  2261 | D:3      | Found a stormy altar of Qazlal.
  2651 | D:4      | Reached skill level 6 in Unarmed Combat
  2716 | D:4      | You fall into a shaft and drop 3 floors!
  2740 | D:7      | Slain by a gnoll

Illustrated notes

Levels and vault maps discovered:
D:1:      lightli_arrival_lavapool, layout_loops_corners, st_stairs_7
D:2:      layout_loops_ring, ebering_ecumenical_altar_rust, basic_altar
D:3:      layout_loops_corners, grunt_qazlal_sundering, uniq_terence,
          uniq_grinder
D:4:      layout_basic, hangedman_decor_push
D:7:      layout_layer_cave, lemuel_tele_altar, minmay_temple_entry_hall,
          kennysheep_generic_room_7

Skill      XL: |  1  2  3  4  5  6 |
---------------+-------------------+-----
Unarmed Combat | 4 5 6 |  6.2
Shapeshifting  | 4 |  4.6
Fighting       | |  1.0
Dodging        | |  2.0

Action                     |  1- 3 |  4- 6 || total
---------------------------+-------+-------++-------
  Melee: Unarmed           |    58 |    50 ||   108
         Tentacles         |    12 |     9 ||    21
         Constrict         |    15 |    11 ||    26
         Punch             |     1 |       ||     1
    Use: Scroll            |     6 |       ||     6
   Stab: Sleeping          |     7 |     2 ||     9
         Distracted        |     1 |       ||     1
 Armour: Skin              |    30 |    15 ||    45
  Dodge: Dodged            |    32 |    23 ||    55

Table legend: (Time is in decaauts)
 A = Elapsed time spent in this place.
 B = Non-inter-level travel time spent in this place.
 C = Inter-level travel time spent in this place.
 D = Time resting spent in this place.
 E = Time spent auto-exploring this place.
 F = Levels seen in this place.
 G = Mean time per level.
                   A        B        C        D        E       F      G
               +--------+--------+--------+--------+--------+-----+--------+
         Total |   2729 |   2685 |     44 |      0 |   2342 |   5 |  545.8 |
       Dungeon |   2729 |   2685 |     44 |      0 |   2342 |   5 |  545.8 |
               +--------+--------+--------+--------+--------+-----+--------+

Top non-repeatable levels by time:
     D:3: 897 daAuts
     D:1: 880 daAuts
     D:2: 657 daAuts
     D:4: 271 daAuts
     D:7: 22 daAuts
